 Dungeon Crawl Stone Soup version 0.17.2 (webtiles) character file.

37177 Shtopit the Protected (level 13, -4/132 HPs)
             Began as a Gargoyle Berserker on May 12, 2016.
             Was a High Priest of Trog.
             Slain by a death yak (14 damage)
             ... on level 6 of the Lair of Beasts.
             The game lasted 01:00:06 (18906 turns).

Shtopit the Protected (Gargoyle Berserker)         Turns: 18906, Time: 01:00:06

Health: -4/132     AC: 34    Str: 32    XL:     13   Next: 95%
Magic:  15/15      EV: 12    Int: 10    God:    Trog [*****.]
Gold:   676        SH:  0    Dex:  9    Spells: 0 memorised, 12 levels left

rFire  + . .     SeeInvis .     F - +3 long sword (elec)
rCold  . . .     Clarity  .     E - +0 plate armour
rNeg   + . .     SustAt   .     (no shield)
rPois  ∞         Gourm    .     L - +1 hat {Int+3}
rElec  +         Spirit   .     C - +0 cloak
rCorr  .         Warding  .     (no gloves)
rMut   .         Stasis   .     l - +0 pair of boots
MR     .....                    (no amulet)
Stlth  ..........               X - ring of protection from fire
                                b - +2 ring of evasion

@: berserking, very quick, not resistant to hostile enchantments, extremely
unstealthy
A: antennae 1, iridescent scales 1, negative energy resistance 1, shaggy fur 1,
electricity resistance, unbreathing, petrification resistance, rot immunity, AC
+9
a: Berserk, Trog's Hand, Brothers in Arms, Burn Spellbooks, Renounce Religion


You were on level 6 of the Lair of Beasts.
You worshipped Trog.
Trog was extremely pleased with you.
You were hungry.

You visited 2 branches of the dungeon, and saw 17 of its levels.
You also visited: Bailey.

You collected 784 gold pieces.
You spent 108 gold pieces at shops.

Inventory:

Hand Weapons
 r - a +3 arbalest
 x - a +4 bardiche of flaming
 B - a +2 falchion of slicing
 F - a +3 long sword of electrocution (weapon)
 G - a +9 antimagic falchion
 R - a +0 blowgun
 T - a +0 falchion of flaming
 V - a +2 antimagic scimitar
Missiles
 f - 68 bolts
 j - a curare-tipped needle
 m - 7 needles of confusion
 S - 48 poisoned needles
Armour
 l - a +0 pair of boots (worn)
 C - a +0 cloak (worn)
 E - a +0 plate armour (worn)
 L - a +1 hat of intelligence (worn)
 N - a +2 buckler
Jewellery
 b - a +2 ring of evasion (left hand)
 d - the amulet "Daol" {+Rage rPois Int+4, unknown}
   (You found it on level 4 of the Lair of Beasts)

   [amulet of rage]

   It affects your intelligence (+4).
   It protects you from poison.
   It lets you go berserk.
 q - an uncursed ring of teleportation
 I - a +4 ring of intelligence
 X - a ring of protection from fire (right hand)
Wands
 e - a wand of digging (3)
 p - a wand of paralysis (5)
 t - a wand of lightning (10)
 v - a wand of slowing (23)
 y - a wand of lightning (1)
 A - a wand of digging (14)
 M - a wand of enslavement (12)
 U - a wand of cold (15)
 Z - a wand of fire (2)
Scrolls
 a - 8 scrolls of identify
 g - 2 scrolls of magic mapping
 i - 5 scrolls of teleportation
 k - a scroll of blinking
 w - 3 scrolls of fog
 z - 6 scrolls of enchant armour
 H - a scroll of fear
 W - 2 scrolls of brand weapon
Potions
 n - 4 potions of curing
 s - 2 potions of haste
 D - a potion of berserk rage {unknown}
 J - a potion of might
 K - 2 potions of agility
 Y - a potion of heal wounds
Miscellaneous
 o - a sack of spiders
Comestibles
 c - 10 bread rations
 h - 2 meat rations
 u - a beef jerky
 Q - 10 royal jellies


   Skills:
 + Level 13.0 Fighting
 + Level 12.7 Long Blades
 + Level 13.4 Armour
 + Level 6.0 Dodging
 + Level 3.8 Shields
 * Level 3.6 Evocations


You had 12 spell levels left.
You didn't know any spells.

Dungeon Overview and Level Annotations

Branches:
Dungeon (11/15)            Temple (0/1) D:6            Lair (6/8) D:11
 Shoals (0/4) Lair:3       Spider (0/4) Lair:3          Orc (0/4) D:11
  Slime: Lair:6-8

Altars:
Cheibriados
Dithmenos
Elyvilon
Gozag
Makhleb
Ru
Sif Muna
Trog
Vehumet
Xom
Zin
The Shining One

Shops:
D:4 (   D:6 *   D:7 (

Annotations:
D:5 Grinder


Innate Abilities, Weirdness & Mutations

You are resistant to torment.
Your stone body is resilient (AC +9).
You are immune to poison.
You resist negative energy.
You are resistant to electric shocks.
You can survive without breathing.
You are immune to petrification.
You are immune to rotting.
You have a pair of small antennae on your head.
You are partially covered in iridescent scales (AC +4).
You are covered in fur (AC +1).


Message History

* * * LOW HITPOINT WARNING * * *
You slice the death yak!!
The death yak is moderately wounded.
The death yak misses you.
A red film seems to cover your vision as you go berserk!
You feel yourself moving faster!
You feel mighty!
You are feeling hungry.
The death yak gores you!
* * * LOW HITPOINT WARNING * * *
You slash the death yak!
There is a sudden explosion of sparks!
The death yak is heavily wounded.
The death yak gores you but does no damage.
You slice the death yak!!
The death yak is almost dead.
Your plate armour prevents you from hitting the death yak.
The death yak is almost dead.
The death yak gores you.
* * * LOW HITPOINT WARNING * * *
The death yak gores you!
You die...

....... #...........####..##
.......# #............#...###
........## #...........#.......
.........## ###....##....##.#...
.........P#####.#.#.##.#P####.#..
........>..P#.##...#...### ##...
.........P<...#####...## #.##.
................Y....## ##...
............PP..@#....## #....
............###.#YY....# #....
#.........P## ####..#### ###....
###......### #..# #......
##.....## #..†# #...... #..#.).#
#...# ##...... ###....# ......
#....... ###....## .......#
##...... .#....## #......##
#......


You could see 3 death yaks.

Vanquished Creatures
  Gastronok (D:8)
  3 hydras
  A catoblepas (Lair:3)
  3 death yaks (Lair:6)
  4 orc knights (Bailey)
  A griffon (Lair:3)
  2 hill giants (D:10)
  A wolf spider (Lair:3)
  A manticore (Lair:3)
  Maurice (D:8)
  11 spiny frogs
  Psyche (D:8)
  A gargoyle (D:11)
  A torpor snail (Lair:3)
  4 black mambas
  5 komodo dragons
  A fire drake (Lair:1)
  2 two-headed ogres (D:11)
  Prince Ribbit (D:7)
  28 blink frogs
  A redback (Lair:3)
  Sigmund (D:5)
  A deep elf fighter (D:11)
  A wyvern (Lair:3)
  The ghost of nublet the Grave Robber, an amateur TrNe (D:3)
  7 yaks
  A basilisk (Lair:2)
  Menkaure (D:7)
  A hungry ghost (D:11)
  9 hippogriffs
  2 wargs (D:11)
  15 wolves
  11 water moccasins
  A necrophage (D:8)
  2 spiders (Lair:3)
  6 porcupines
  7 orc warriors
  5 ice beasts
  3 black bears
  2 ogres (D:11)
  7 centaurs
  12 crocodiles
  3 big kobolds
  13 giant frogs
  5 scorpions
  3 killer bees (D:9)
  An electric eel (Lair:1)
  5 crimson imps
  3 hounds
  A gnoll shaman (D:6)
  A vampire bat (Lair:3)
  8 orc priests
  6 jellies
  2 centaur skeletons
  Terence (D:2)
  6 orc wizards
  6 iguanas
  4 worker ants
  2 hell rats (Lair:5)
  17 sheep
  A hound zombie (D:11)
  2 hound skeletons
  2 worker ant zombies
  13 adders
  53 river rats
  7 gnolls
  2 shadow imps
  6 oozes
  4 worms
  7 giant geckos
  25 orcs
  20 bats
  7 giant cockroaches
  7 hobgoblins
  8 jackals
  19 kobolds
  A giant gecko zombie (D:7)
  6 giant newts
  6 goblins
  A jackal skeleton (D:5)
  3 quokkas
  14 rats
  A plant (D:11)
472 creatures vanquished.

Vanquished Creatures (collateral kills)
  2 orc warriors (Bailey)
  A river rat (Lair:1)
3 creatures vanquished.

Vanquished Creatures (others)
  10 fungi
  7 plants
17 creatures vanquished.

Grand Total: 492 creatures vanquished

Notes
Turn   | Place    | Note
--------------------------------------------------------------
     0 | D:1      | Shtopit the Gargoyle Berserker began the quest for the Orb.
     0 | D:1      | Reached XP level 1. HP: 14/14 MP: 1/1
   273 | D:1      | Reached XP level 2. HP: 14/19 MP: 2/2
   831 | D:2      | Found a shadowy altar of Dithmenos.
   876 | D:2      | Reached XP level 3. HP: 24/24 MP: 3/3
   943 | D:2      | Reached ** piety under Trog
  1151 | D:2      | Reached skill level 4 in Fighting
  1397 | D:2      | Noticed Terence
  1408 | D:2      | Killed Terence
  1408 | D:2      | Reached XP level 4. HP: 29/29 MP: 4/4
  1411 | D:2      | Found a bloodstained altar of Trog.
  1451 | D:2      | Found a glowing golden altar of the Shining One.
  1451 | D:2      | Found a white marble altar of Elyvilon.
  1452 | D:2      | Found a glowing silver altar of Zin.
  1861 | D:3      | Reached XP level 5. HP: 32/34 MP: 5/5
  1918 | D:3      | Noticed nublet's ghost (amateur TrNe)
  1947 | D:3      | Killed nublet's ghost
  1947 | D:3      | Reached skill level 5 in Fighting
  1947 | D:3      | Reached XP level 6. HP: 32/40 MP: 6/6
  2194 | D:3      | Found a shimmering altar of Xom.
  2295 | D:3      | Reached *** piety under Trog
  2423 | D:4      | Found a snail-covered altar of Cheibriados.
  2622 | D:4      | Reached XP level 7. HP: 44/44 MP: 7/7
  2903 | D:4      | Found Jeotiam's Antique Weapon Emporium.
  3257 | D:5      | Entered Level 5 of the Dungeon
  3257 | D:5      | Noticed Sigmund
  3299 | D:5      | Killed Sigmund
  3299 | D:5      | Reached skill level 5 in Long Blades
  3496 | D:5      | Reached skill level 6 in Fighting
  3496 | D:5      | Reached skill level 5 in Armour
  3553 | D:5      | Reached XP level 8. HP: 37/51 MP: 8/8
  3732 | D:5      | Noticed Grinder
  3732 | D:5      | Paralysed by Grinder for 7 turns
  4062 | D:6      | Found a staircase to the Ecumenical Temple.
  4183 | D:6      | Found Sonnoboc's General Store.
  5287 | D:6      | Found a sacrificial altar of Ru.
  5469 | D:7      | Reached skill level 7 in Fighting
  5657 | D:7      | Reached **** piety under Trog
  5778 | D:7      | Noticed Menkaure
  5785 | D:7      | Killed Menkaure
  5785 | D:7      | Reached XP level 9. HP: 57/57 MP: 9/9
  5877 | D:7      | Found Namielud's Antique Weapon Boutique.
  5880 | D:7      | Bought a runed long sword for 108 gold pieces
  5999 | D:7      | Noticed Prince Ribbit
  6013 | D:7      | Killed Prince Ribbit
  6480 | D:7      | Found an opulent altar of Gozag.
  6693 | D:8      | Noticed Gastronok
  6706 | D:8      | Killed Gastronok
  6706 | D:8      | Reached skill level 8 in Fighting
  6706 | D:8      | Reached XP level 10. HP: 44/65 MP: 10/10
  6983 | D:8      | Reached skill level 9 in Fighting
  7355 | D:8      | Gained mutation: You have a pair of small antennae on your head. [potion of mutation]
  7355 | D:8      | Gained mutation: You are covered in fur (AC +1). [potion of mutation]
  7355 | D:8      | Gained mutation: You are partially covered in iridescent scales (AC +4). [potion of mutation]
  7396 | D:8      | Reached ***** piety under Trog
  7496 | D:8      | Noticed Maurice
  7519 | D:8      | Killed Maurice
  7605 | D:8      | Noticed Psyche
  7610 | D:8      | Killed Psyche
  7610 | D:8      | Reached skill level 1 in Shields
  7946 | D:9      | Found a flagged portal.
  7958 | Bailey   | Entered a bailey
  7958 | Bailey   | Noticed an orc knight
  7960 | Bailey   | Noticed an orc knight
  7960 | Bailey   | Noticed an orc knight
  8138 | Bailey   | Noticed an orc knight
  8144 | Bailey   | HP: 3/66 [orc warrior/spear (11)]
  8160 | Bailey   | Killed an orc knight
  8373 | Bailey   | Killed an orc knight
  8373 | Bailey   | Reached XP level 11. HP: 39/71 MP: 11/11
  8377 | Bailey   | Killed an orc knight
  8377 | Bailey   | Reached skill level 10 in Armour
  8378 | Bailey   | Noticed an orc knight
  8405 | Bailey   | Killed an orc knight
  9423 | D:9      | Found a burning altar of Makhleb.
  9424 | D:9      | Found a radiant altar of Vehumet.
  9780 | D:9      | Found a deep blue altar of Sif Muna.
  9838 | D:10     | Entered Level 10 of the Dungeon
  9838 | D:10     | Noticed a hill giant
  9842 | D:10     | Killed a hill giant
  9842 | D:10     | Reached skill level 1 in Evocations
 10085 | D:10     | Noticed a hill giant
 10091 | D:10     | Killed a hill giant
 10225 | D:10     | Reached skill level 10 in Fighting
 10777 | D:11     | Received a gift from Trog
 10796 | D:11     | Reached skill level 11 in Armour
 10920 | D:11     | Reached skill level 10 in Long Blades
 10921 | D:11     | Found a staircase to the Orcish Mines.
 11290 | D:11     | Found a staircase to the Lair.
 11357 | Lair:1   | Entered Level 1 of the Lair of Beasts
 11375 | D:11     | Reached XP level 12. HP: 25/79 MP: 13/13
 11590 | Lair:1   | Noticed an eight-headed hydra
 11604 | Lair:1   | Killed a nine-headed hydra
 11604 | Lair:1   | Reached skill level 5 in Dodging
 12142 | Lair:1   | Received a gift from Trog
 12941 | Lair:2   | Reached skill level 12 in Armour
 14054 | Lair:3   | Found a staircase to the Shoals.
 14223 | Lair:3   | Noticed a catoblepas
 14229 | Lair:3   | Noticed an eight-headed hydra
 14245 | Lair:3   | Killed a two-headed hydra
 14666 | Lair:3   | Reached XP level 13. HP: 28/85 MP: 14/14
 14828 | Lair:3   | Killed a catoblepas
 14828 | Lair:3   | Received a gift from Trog
 15294 | Lair:3   | Reached skill level 13 in Armour
 15422 | Lair:3   | Found a hole to the Spider Nest.
 16789 | Lair:4   | Got a vibrating iron amulet
 17685 | Lair:5   | Received a gift from Trog
 18906 | Lair:6   | Slain by a death yak

Action                   |  1- 3 |  4- 6 |  7- 9 | 10-12 | 13-15 || total
-------------------------+-------+-------+-------+-------+-------++-------
Melee: Falchion          |   140 |    66 |       |    30 |    20 ||   256
       Long sword        |       |   145 |   370 |   749 |   369 ||  1633
       Halberd           |       |       |       |    20 |       ||    20
       Rapier            |       |       |       |     9 |       ||     9
       Scimitar          |       |       |       |       |   192 ||   192
 Fire: Blowgun           |       |       |       |    20 |       ||    20
Invok: Berserk           |     2 |     3 |     7 |     7 |     1 ||    20
       Trog's Hand       |       |       |     2 |     4 |     1 ||     7
       Burn Spellbooks   |       |       |       |     3 |     1 ||     4
       Brothers in Arms  |       |       |       |     1 |       ||     1
 Abil: Evoke Teleportati |       |       |       |    11 |       ||    11
Evoke: Wand              |       |       |       |     7 |       ||     7
  Use: Potion            |       |     5 |       |     9 |     1 ||    15
       Scroll            |       |       |       |    33 |     1 ||    34
  Eat: Chunk             |     3 |     7 |    16 |    16 |    10 ||    52
       Meat ration       |       |       |     1 |     3 |       ||     4
       Pizza             |       |       |     1 |     3 |     1 ||     5
       Beef jerky        |       |       |       |     1 |     2 ||     3
